ORI
FLORIDA STATE UNIVERSITY SEMINOLES @ MISSISSIPPI STATE UNIVERSITY BULLDOGS
07/19/2044
 
TOP OF THE 1ST
Florida State University Seminoles batting - Pitching for Mississippi State University Bulldogs : LHP Jarrett Kelley
Pitching: LHP Jarrett Kelley
Batting: RHB Paul Holland 0-0: Foul Ball, location: 2F
0-1: SINGLE (Line Drive, 5D, EV 95.6 MPH)
Batting: RHB Taffounnout Kame Pickoff Throw to First - Out! 1-3
0-0: Swinging Strike
0-1: Foul Ball, location: 2F
0-2: Foul Ball, location: 2F
0-2: Foul Ball, location: 2F
0-2: Foul Ball, location: 2F
0-2: Ball
1-2: Strikes out swinging
Batting: LHB Raul Maldonado 0-0: Foul Ball, location: 2F
0-1: Ball
1-1: Called Strike
1-2: Ball
2-2: Strikes out looking
Top of the 1st over - 0 runs, 1 hit, 0 errors, 0 left on base; Florida State University 0 - Mississippi State University 0
BOTTOM OF THE 1ST
Mississippi State University Bulldogs batting - Pitching for Florida State University Seminoles : RHP Joe Sloboda
Pitching: RHP Joe Sloboda
Batting: RHB George Wagner 0-0: Ball
1-0: DOUBLE (Line Drive, 7LM, EV 106.9 MPH)
Batting: RHB Oscar Bravo 0-0: Fly out, F8 (Flyball, 8LXD, EV 96.2 MPH)
Runner from 2nd tags up, SAFE at 3rd, no throw by CF
Batting: RHB Manuel Taveras 0-0: Ball
1-0: Called Strike
1-1: Ball
2-1: Foul Ball, location: 2F
2-2: Ball
3-2: Foul Ball, location: 2F
3-2: Ground out 6-3 (Groundball, 56, EV 78.1 MPH)
George Wagner scores
Batting: RHB Xiao-shuang Au 0-0: Ball
1-0: Called Strike
1-1: Ball
2-1: Ball
3-1: Base on Balls
Batting: LHB Ken Morehead 0-0: Ball
1-0: Ground out U3 (Groundball, 34S, EV 72.5 MPH)
Bottom of the 1st over - 1 run, 1 hit, 0 errors, 1 left on base; Florida State University 0 - Mississippi State University 1
TOP OF THE 2ND
Florida State University Seminoles batting - Pitching for Mississippi State University Bulldogs : LHP Jarrett Kelley
Batting: RHB Jeremy Buck 0-0: SOLO HOME RUN (Flyball, 7D, EV 98.8 MPH), Distance : 416 ft
Batting: LHB Jai-guo Bian 0-0: SINGLE (Groundball, 6D, EV 105.0 MPH)
Batting: RHB Yutaka Yamane 0-0: Called Strike
0-1: Foul Ball, location: 2F
0-2: Fly out, F8 (Flyball, 8RD, EV 103.1 MPH)
Batting: SHB Ed Mosqueda 0-0: Called Strike
0-1: SINGLE (Line Drive, 89S, EV 98.8 MPH)
Jai-guo Bian to second
Runner from 2nd tries for 3rd, SAFE, throw by RF made to third
Batting: RHB Toyohiko Nakajima 0-0: Called Strike
0-1: Called Strike
0-2: Ball
1-2: Foul Ball, location: 2F
1-2: Foul Ball, location: 2F
1-2: Foul Ball, location: 2F
1-2: Foul Ball, location: 2F
1-2: Fielders Choice at 2nd, 6-4 (Groundball, 6, EV 88.1 MPH)
Jai-guo Bian scores
Batting: LHB Jorge Talamantes 0-0: Hit by Pitch
Toyohiko Nakajima to second
Batting: RHB Paul Holland 0-0: Called Strike
0-1: Swinging Strike
0-2: Fielders Choice at 2nd, 5-4 (Groundball, 56, EV 108.8 MPH)
Top of the 2nd over - 2 runs, 3 hits, 0 errors, 2 left on base; Florida State University 2 - Mississippi State University 1
BOTTOM OF THE 2ND
Mississippi State University Bulldogs batting - Pitching for Florida State University Seminoles : RHP Joe Sloboda
Batting: RHB Alain Marquet 0-0: Called Strike
0-1: Swinging Strike
0-2: Ball
1-2: Ground out 5-3 (Groundball, 5L, EV 86.9 MPH)
Batting: SHB Bill Ertl 0-0: Called Strike
0-1: SINGLE (Groundball, 4MD, EV 103.1 MPH)
Batting: RHB Justin Young 0-0: Ball
1-0: Foul Ball, location: 2F
1-1: Ball
2-1: Ball
3-1: Base on Balls
Bill Ertl to second
Batting: LHB Afanasy Zasekin 0-0: Swinging Strike
0-1: Ball
1-1: Foul Ball, location: 2F
1-2: Strikes out swinging
Batting: RHB George Wagner 0-0: Foul Ball, location: 2F
0-1: Foul Ball, location: 2F
0-2: Foul Ball, location: 2F
0-2: Ball
1-2: Ball
2-2: Strikes out swinging
Bottom of the 2nd over - 0 runs, 1 hit, 0 errors, 2 left on base; Florida State University 2 - Mississippi State University 1
TOP OF THE 3RD
Florida State University Seminoles batting - Pitching for Mississippi State University Bulldogs : LHP Jarrett Kelley
Batting: RHB Taffounnout Kame 0-0: Swinging Strike
0-1: SINGLE (Groundball, 6MS, EV 68.8 MPH) (infield hit)
Batting: LHB Raul Maldonado 0-0: Swinging Strike
0-1: Called Strike
0-2: Strikes out swinging
Batting: RHB Jeremy Buck 0-0: Called Strike
0-1: Foul Ball, location: 2F
0-2: Ball
Taffounnout Kame steals 2nd base
1-2: Foul Ball, location: 2F
1-2: Ball
2-2: Ball
3-2: Foul Ball, location: 2F
3-2: Fly out, F7 (Flyball, 78S, EV 79.4 MPH)
Batting: LHB Jai-guo Bian 0-0: Fly out, F7 (Flyball, 78M, EV 74.4 MPH)
Top of the 3rd over - 0 runs, 1 hit, 0 errors, 1 left on base; Florida State University 2 - Mississippi State University 1
BOTTOM OF THE 3RD
Mississippi State University Bulldogs batting - Pitching for Florida State University Seminoles : RHP Joe Sloboda
Batting: RHB Oscar Bravo 0-0: Called Strike
0-1: Swinging Strike
0-2: Ball
1-2: Strikes out swinging
Batting: RHB Manuel Taveras 0-0: Foul Ball, location: 2F
0-1: Ball
1-1: Ball
2-1: Foul Ball, location: 2F
2-2: Foul Ball, location: 2F
2-2: Strikes out looking
Batting: RHB Xiao-shuang Au 0-0: Ball
1-0: Called Strike
1-1: Ball
2-1: Called Strike
2-2: Strikes out swinging
Bottom of the 3rd over - 0 runs, 0 hits, 0 errors, 0 left on base; Florida State University 2 - Mississippi State University 1
TOP OF THE 4TH
Florida State University Seminoles batting - Pitching for Mississippi State University Bulldogs : LHP Jarrett Kelley
Batting: RHB Yutaka Yamane 0-0: Ball
1-0: Ball
2-0: Swinging Strike
2-1: Fly out, F3 (Popup, 3SF, EV 77.5 MPH)
Batting: SHB Ed Mosqueda 0-0: Fly out, F8 (Flyball, 8LD, EV 94.4 MPH)
Batting: RHB Toyohiko Nakajima 0-0: Called Strike
0-1: Ball
1-1: Foul Ball, location: 2F
1-2: Foul Ball, location: 2F
1-2: Ball
2-2: Ball
3-2: Fly out, F8 (Flyball, 78D, EV 91.9 MPH)
Top of the 4th over - 0 runs, 0 hits, 0 errors, 0 left on base; Florida State University 2 - Mississippi State University 1
BOTTOM OF THE 4TH
Mississippi State University Bulldogs batting - Pitching for Florida State University Seminoles : RHP Joe Sloboda
Batting: LHB Ken Morehead 0-0: Swinging Strike
0-1: Ball
1-1: Foul Ball, location: 2F
1-2: Foul Ball, location: 2F
1-2: Ball
2-2: Fly out, F4 (Popup, 4M, EV 48.1 MPH)
Batting: RHB Alain Marquet 0-0: Ball
1-0: Called Strike
1-1: Ball
2-1: Ball
3-1: Called Strike
3-2: Fly out, F8 (Flyball, 78S, EV 83.1 MPH)
Batting: SHB Bill Ertl 0-0: Ball
1-0: Ball
2-0: Ball
3-0: Called Strike
3-1: Fly out, F8 (Flyball, 8LS, EV 70.6 MPH)
Bottom of the 4th over - 0 runs, 0 hits, 0 errors, 0 left on base; Florida State University 2 - Mississippi State University 1
TOP OF THE 5TH
Florida State University Seminoles batting - Pitching for Mississippi State University Bulldogs : LHP Jarrett Kelley
Pitching: LHP Ken Johnson
Batting: LHB Jorge Talamantes 0-0: Ball
1-0: Ball
2-0: Ball
3-0: Called Strike
3-1: Reached on error, E6 (Groundball, 6M, EV 83.8 MPH)
Batting: RHB Paul Holland 0-0: Foul Ball, location: 2F
0-1: Ground out 5-3 (Groundball, 56S, EV 68.1 MPH)
Jorge Talamantes to second
Batting: RHB Taffounnout Kame 0-0: Called Strike
0-1: Ball
Passed Ball!
Jorge Talamantes to third
1-1: Ball
2-1: Swinging Strike
2-2: Fly out, F9 (Flyball, 89D, EV 88.8 MPH)
Runner from 3rd tags up, SCORES, throw by RF
Batting: LHB Raul Maldonado 0-0: Called Strike
0-1: Ball
1-1: Called Strike
1-2: Ball
2-2: Fly out, F8 (Flyball, 8LD, EV 81.2 MPH)
Top of the 5th over - 1 run, 0 hits, 1 error, 0 left on base; Florida State University 3 - Mississippi State University 1
BOTTOM OF THE 5TH
Mississippi State University Bulldogs batting - Pitching for Florida State University Seminoles : RHP Joe Sloboda
Pitching: RHP Wilson Echartea
Batting: RHB Justin Young 0-0: Foul Ball, location: 2F
0-1: Fly out, F8 (Flyball, 8LD, EV 86.2 MPH)
Batting: LHB Afanasy Zasekin 0-0: Ball
1-0: SINGLE (Flyball, 4D, EV 84.4 MPH)
Batting: RHB George Wagner 0-0: Called Strike
0-1: Ball
Afanasy Zasekin steals 2nd base
1-1: Ball
2-1: Foul Ball, location: 2F
2-2: Ball
3-2: Foul Ball, location: 2F
3-2: SINGLE (Groundball, 6MS, EV 67.5 MPH) (infield hit)
Afanasy Zasekin to third
Batting: RHB Oscar Bravo
Pinch Hitting: RHB Tony Dopson 0-0: Ball
1-0: Called Strike
1-1: Fielders Choice at 2nd, 5-4 (Groundball, 5L, EV 85.0 MPH)
Afanasy Zasekin scores
Batting: RHB Manuel Taveras 0-0: Called Strike
0-1: Ball
1-1: Called Strike
1-2: SINGLE (Line Drive, 4M, EV 101.9 MPH)
Tony Dopson to second
Runner from 2nd tries for 3rd, OUT! 8-5
Bottom of the 5th over - 1 run, 3 hits, 0 errors, 1 left on base; Florida State University 3 - Mississippi State University 2
TOP OF THE 6TH
Florida State University Seminoles batting - Pitching for Mississippi State University Bulldogs : LHP Ken Johnson
Now at 2B: Tony Dopson
Now at SS: Xiao-shuang Au
Batting: RHB Jeremy Buck 0-0: Ball
1-0: Ball
2-0: Swinging Strike
2-1: Called Strike
2-2: Foul Ball, location: 2F
2-2: Ball
3-2: Strikes out looking
Batting: LHB Jai-guo Bian 0-0: Swinging Strike
0-1: Fly out, F8 (Flyball, 8RS, EV 85.6 MPH)
Batting: RHB Yutaka Yamane 0-0: Ball
1-0: Ball
2-0: Called Strike
2-1: Fly out, F5 (Popup, 5SF, EV 86.9 MPH)
Top of the 6th over - 0 runs, 0 hits, 0 errors, 0 left on base; Florida State University 3 - Mississippi State University 2
BOTTOM OF THE 6TH
Mississippi State University Bulldogs batting - Pitching for Florida State University Seminoles : RHP Wilson Echartea
Pinch Hitting: RHB Mike Bearden 0-0: Called Strike
0-1: TRIPLE (Line Drive, 89XD, EV 107.5 MPH)
Batting: LHB Ken Morehead 0-0: Ball
1-0: 2-RUN HOME RUN (Flyball, 89XD, EV 103.1 MPH), Distance : 417 ft
Pitching: RHP Bill Couch
Batting: RHB Alain Marquet 0-0: Ball
1-0: Ball
2-0: Foul Ball, location: 2F
2-1: Called Strike
2-2: Ball
3-2: DOUBLE (Line Drive, 8LXD, EV 112.5 MPH)
Batting: SHB Bill Ertl 0-0: Fly out, F8 (Flyball, 78D, EV 108.1 MPH)
Batting: RHB Justin Young 0-0: Ball
1-0: Called Strike
1-1: Swinging Strike
1-2: Strikes out swinging
Batting: LHB Afanasy Zasekin 0-0: Called Strike
0-1: SINGLE (Line Drive, 89S, EV 103.8 MPH)
Alain Marquet to third
Runner from 3rd tries for Home, SAFE, throw by RF to home
Afanasy Zasekin to second
Pinch Hitting: RHB Nate Nettle 0-0: Ball
1-0: Foul Ball, location: 2F
1-1: Ball
2-1: Ball
3-1: Base on Balls
Batting: RHB Tony Dopson 0-0: Ball
1-0: SINGLE (Groundball, 13S, EV 70.0 MPH) (infield hit)
Afanasy Zasekin to third
Nate Nettle to second
Batting: RHB Manuel Taveras 0-0: Ball
1-0: Ball
2-0: Ball
3-0: Base on Balls
Afanasy Zasekin scores
Nate Nettle to third
Tony Dopson to second
Batting: RHB Mike Bearden 0-0: Foul Ball, location: 2F
0-1: Foul Ball, location: 2F
0-2: Ground out U3 (Groundball, 34, EV 80.0 MPH)
Bottom of the 6th over - 4 runs, 5 hits, 0 errors, 3 left on base; Florida State University 3 - Mississippi State University 6
TOP OF THE 7TH
Florida State University Seminoles batting - Pitching for Mississippi State University Bulldogs : LHP Ken Johnson
Now at SS: Dave Stone
Now in CF: Li-hong Bo
Batting: SHB Ed Mosqueda 0-0: Foul Ball, location: 2F
0-1: Called Strike
0-2: Ground out 4-3 (Groundball, 4, EV 80.0 MPH)
Batting: RHB Toyohiko Nakajima 0-0: Ball
1-0: Ball
2-0: Swinging Strike
2-1: Foul Ball, location: 2F
2-2: Ball
3-2: Fly out, F9 (Flyball, 9LD, EV 104.4 MPH)
Batting: LHB Jorge Talamantes 0-0: Called Strike
0-1: Ball
1-1: Ball
2-1: Ball
3-1: Base on Balls
Pinch Hitting: RHB Devon Brown 0-0: Ball
Wild Pitch!
Jorge Talamantes to second
1-0: Foul Ball, location: 2F
1-1: Ground out 5-3 (Groundball, 5S, EV 83.8 MPH)
Top of the 7th over - 0 runs, 0 hits, 0 errors, 1 left on base; Florida State University 3 - Mississippi State University 6
BOTTOM OF THE 7TH
Mississippi State University Bulldogs batting - Pitching for Florida State University Seminoles : RHP Bill Couch
Pitching: LHP Nate Moguel
Now at SS: Devon Brown
Pinch Hitting: RHB Andy Harris 0-0: Foul Ball, location: 2F
0-1: Called Strike
0-2: Foul Ball, location: 2F
0-2: Ball
1-2: Ball
2-2: Ground out 4-3 (Groundball, 4, EV 107.5 MPH)
Batting: SHB Bobby Hicks 0-0: Called Strike
0-1: Swinging Strike
0-2: Foul Ball, location: 2F
0-2: Foul Ball, location: 2F
0-2: Ball
1-2: Strikes out swinging
Batting: SHB Bill Ertl 0-0: Ball
1-0: Called Strike
1-1: Ball
2-1: Foul Ball, location: 2F
2-2: Ground out 5-3 (Groundball, 5S, EV 85.6 MPH)
Bottom of the 7th over - 0 runs, 0 hits, 0 errors, 0 left on base; Florida State University 3 - Mississippi State University 6
TOP OF THE 8TH
Florida State University Seminoles batting - Pitching for Mississippi State University Bulldogs : LHP Ken Johnson
Pitching: RHP Mike Embree
Now at 1B: Mat Waters
Batting: RHB Taffounnout Kame 0-0: Called Strike
0-1: SINGLE (Groundball, 6MD, EV 105.6 MPH)
Batting: LHB Raul Maldonado 0-0: Ball
1-0: Called Strike
1-1: Foul Ball, location: 2F
1-2: Foul Ball, location: 2F
1-2: Ball
2-2: Strikes out looking
Pinch Hitting: RHB John Goodpaster 0-0: Ball
1-0: Foul Ball, location: 2F
1-1: Ball
2-1: Ball
3-1: Called Strike
3-2: SINGLE (Groundball, 34, EV 102.5 MPH)
Taffounnout Kame to second
Taffounnout Kame to third
Pinch Hitting: RHB Joy-shan Li 0-0: Ball
1-0: Fly out, F9 (Flyball, 9, EV 90.0 MPH)
Runner from 3rd tags up, SCORES, no throw by RF
Pinch Hitting: SHB Alex Noval 0-0: Called Strike
0-1: Swinging Strike
0-2: Ball
1-2: Foul Ball, location: 2F
1-2: Foul Ball, location: 2F
1-2: Fielders Choice at 2nd, U4 (Groundball, 4M, EV 91.9 MPH)
Top of the 8th over - 1 run, 2 hits, 0 errors, 1 left on base; Florida State University 4 - Mississippi State University 6
BOTTOM OF THE 8TH
Mississippi State University Bulldogs batting - Pitching for Florida State University Seminoles : LHP Nate Moguel
Now at 1B: Israel Quinteros
Now at 3B: Joy-shan Li
Now in CF: Alex Noval
Batting: RHB Justin Young 0-0: Swinging Strike
0-1: Ball
1-1: Swinging Strike
1-2: Strikes out swinging
Pinch Hitting: RHB Eduardo Sanchez 0-0: Reached on error, E5 (Groundball, 56, EV 99.4 MPH)
Batting: RHB Li-hong Bo 0-0: Fly out, F6 (Popup, P, EV 82.5 MPH)
Batting: RHB Tony Dopson 0-0: Ground out 4-3 (Groundball, 4, EV 88.1 MPH)
Bottom of the 8th over - 0 runs, 0 hits, 1 error, 1 left on base; Florida State University 4 - Mississippi State University 6
TOP OF THE 9TH
Florida State University Seminoles batting - Pitching for Mississippi State University Bulldogs : RHP Mike Embree
Pitching: RHP Walt Bunney
Now at 2B: Ricky Amaya
Now in RF: Bryan Payne
Pinch Hitting: SHB Scott Kuzma 0-0: Called Strike
0-1: Foul Ball, location: 2F
0-2: Ball
1-2: Ball
2-2: Foul Ball, location: 2F
2-2: Ground out 4-3 (Groundball, 4, EV 100.6 MPH)
Batting: LHB Jonathan Redden 0-0: Ball
1-0: Called Strike
1-1: Called Strike
1-2: Ball
2-2: Foul Ball, location: 2F
2-2: Strikes out swinging
Pinch Hitting: RHB Willie Gomez 0-0: Ground out U3 (Groundball, 34, EV 100.0 MPH)
Top of the 9th over - 0 runs, 0 hits, 0 errors, 0 left on base; Florida State University 4 - Mississippi State University 6
Thursday, March 31st , 2022 - OOTP Baseball 22.12 Build 89